 Dungeon Crawl Stone Soup version 0.21.1-1-g345015f (webtiles) character file.

85 Mirai the Skirmisher (level 4, -4/35 HPs)
             Began as a Demonspawn Fighter on Mar 7, 2018.
             Killed from afar by Sigmund (6 damage)
             ... with a puff of flame
             ... on level 3 of the Dungeon.
             The game lasted 00:04:15 (1939 turns).

Mirai the Skirmisher (Demonspawn Fighter)           Turns: 1939, Time: 00:04:15

Health: -4/35      AC:  8    Str: 23    XL:     4   Next: 25%
Magic:  0/4        EV:  7    Int:  9    God:
Gold:   116        SH:  9    Dex: 12    Spells: 3/3 levels left

rFire    . . .     SeeInvis .   a - +0 war axe
rCold    . . .     Gourm    .   c - +0 shield
rNeg     . . .     Faith    .   b - +0 scale mail
rPois    .         Spirit   +   (no helmet)
rElec    .         Reflect  .   (no cloak)
rCorr    .         Harm     .   i - +0 pair of gloves
MR       .....     Rnd*Tele +   (no boots)
Stlth    ..........             (no amulet)
HPRegen  0.11/turn              k - ring of teleportation (curse)
MPRegen  0.09/turn              (no ring)

@: mighty
A: magic shield
a: no special abilities


You were on level 3 of the Dungeon.
You were hungry.

You visited 1 branch of the dungeon, and saw 3 of its levels.

You collected 116 gold pieces.

Inventory:

Hand Weapons
 a - a +0 war axe (weapon)
Armour
 b - a +0 scale mail (worn)
 c - a +0 shield (worn)
 i - a +0 pair of gloves (worn)
 n - a +0 large shield
Jewellery
 k - a cursed ring of teleportation (left hand)
Scrolls
 e - a scroll of remove curse {unknown}
 l - 2 scrolls of identify {unknown}
 o - a scroll of immolation {unknown}
Potions
 h - a potion of curing {unknown}
 j - 3 potions of haste {unknown}
 m - a potion of agility {unknown}
Comestibles
 f - 5 rations
 g - 6 chunks of flesh


   Skills:
 + Level 3.4 Fighting
 + Level 2.7 Axes
 + Level 3.3 Armour
 + Level 3.2 Shields


You had 3 spell levels left.
You didn't know any spells.

Dungeon Overview and Level Annotations

Branches:
Dungeon (3/15)

Altars:

Annotations:
D:3 Sigmund


Innate Abilities, Weirdness & Mutations

When hurt, damage is shared between your health and your magic reserves.


Message History

You closely miss the goblin. The goblin hits you but does no damage.
Something hits you but does no damage. The goblin hits you but does no damage.
You miss something. You closely miss the goblin. You block the goblin's attack.
Something hits you but does no damage.
You miss something. You slash the goblin!
You kill the goblin!
You hear some strange, mumbled words.
Something tries to affect you, but you resist.
You miss something. Something hits you!
* * * LOW HITPOINT WARNING * * *
You barely miss something. Something hits you.
* * * LOW HITPOINT WARNING * * *
You are feeling hungry.
You closely miss something. Something hits you.
* * * LOW HITPOINT WARNING * * *
You closely miss something.
You hear some strange, mumbled words.
A puff of flame appears from out of thin air!
The puff of flame hits you!
You die...

#.# #.# #.# ##
#.# #.. #.# #
#.# #.###### ##.
#.##.##... ..#
#.#.##)###.#..#
#.##
##.....@{w....#
#.##
##.########.##.#
#..###.##
#.#.#.##
#.##.###
#......#
#......#
#......#
#......#


You could see a dart slug.

Vanquished Creatures
  5 adders (D:2)
  A worm (D:2)
  2 leopard geckos
  5 bats
  3 giant cockroaches
  6 goblins
  7 hobgoblins
  A quokka (D:3)
  2 frilled lizards
  A rat (D:1)
33 creatures vanquished.

Notes
Turn   | Place    | Note
-------+----------+-------------------------------------------
     0 | D:1      | Mirai the Demonspawn Fighter began the quest for the Orb.
     0 | D:1      | Reached XP level 1. HP: 18/18 MP: 1/1
    66 | D:1      | Gained mutation: When hurt, damage is shared between your health and your magic reserves. [demonic ancestry]
    66 | D:1      | Reached XP level 2. HP: 11/24 MP: 2/2
  1097 | D:2      | Reached XP level 3. HP: 22/29 MP: 3/3
  1692 | D:2      | Reached XP level 4. HP: 35/35 MP: 4/4
  1921 | D:3      | Noticed Sigmund
  1939 | D:3      | Killed from afar by Sigmund

Skill      XL: |  1  2 |
---------------+-------+-----
Axes           | 2 |  2.7
Armour         | 3 |  3.3
Shields        | 3 |  3.2
Fighting       | |  3.4

Action                   |  1- 3 |  4- 6 || total
-------------------------+-------+-------++-------
Melee: War axe           |   106 |    30 ||   136
  Use: Potion            |       |     1 ||     1
  Eat: Chunk             |     3 |       ||     3
Armor: Scale mail        |    61 |     9 ||    70
Dodge: Dodged            |    38 |     6 ||    44
Block: Shield            |    65 |    14 ||    79
